Map: 데이터-C

Players

PattyMac - Winner!

  • Race: Protoss Protoss
  • Spawn Location: 9:00

Jinioh

  • Race: Terran Terran
  • Spawn Location: 3:00

Event: DreamHack SC2 Masters 2022 Atlanta (Offline)

VOD

Have the link to the VOD?

Description

Time

  • Played on: Nov. 18, 2022, 3:36 p.m.
  • Length: 15:31

All games in this series

Show
View Real Time Build Order
Export as new Build Order

PattyMac Protoss - Winner!

Build Orders: 1 Gate Expand, Blink Stalkers 

Get SALT Encoding   

  12  0:00  Probe  
  13  0:12  Probe  
  14  0:17  Pylon  
  14  0:24  Probe (Chrono Boost)  
  15  0:36  Probe (Chrono Boost)  
  15  0:37  Gateway  
  16  0:43  Probe (Chrono Boost)  
  16  0:46  Assimilator  
  17  0:51  Probe  
  18  0:59  Gateway  
  18  1:03  Probe  
  19  1:23  Cybernetics Core  
  19  1:39  Nexus  
  19  1:45  Pylon  
  19  1:48  Probe  
  20  1:59  Adept (Chrono Boost)  
  20  2:00  Warp Gate  
  22  2:06  Adept (Chrono Boost)  
  22  2:08  Probe  
  25  2:12  Assimilator  
  25  2:20  Probe  
  25  2:21  Adept (Chrono Boost)  
  28  2:31  Adept  
  30  2:40  Probe  
  31  2:48  Twilight Council  
  31  2:55  Probe (Chrono Boost)  
  31  2:57  Probe (Chrono Boost)  
  33  3:04  Probe (Chrono Boost)  
  33  3:07  Probe (Chrono Boost)  
  33  3:09  Probe (Chrono Boost)  
  35  3:22  Robotics Facility, Probe (Chrono Boost)  
  35  3:24  Probe (Chrono Boost)  
  36  3:29  Blink (Chrono Boost)  
  36  3:30  Probe (Chrono Boost)  
  36  3:31  Pylon  
  36  3:32  Probe  
  37  3:41  Probe, Gateway  
  39  3:44  Probe  
  40  3:53  Probe  
  40  3:55  Assimilator  
  41  3:56  Probe  
  41  4:00  Stalker  
  41  4:01  Stalker  
  44  4:05  Probe  
  42  4:19  Probe  
  41  4:24  Probe  
  41  4:27  Stalker x2  
  46  4:31  Probe  
  46  4:34  Observer (Chrono Boost)  
  46  4:37  Probe  
  49  4:44  Probe  
  47  4:49  Probe  
  47  4:50  Assimilator  
  48  4:54  Nexus  
  48  4:57  Pylon  
  48  4:59  Probe  
  49  5:01  Probe  
  49  5:04  Templar Archives  
  50  5:10  Pylon  
  50  5:11  Probe  
  50  5:13  Probe  
  52  5:25  Pylon  
  52  5:26  Probe  
  52  5:27  Psionic Storm  
  53  5:32  Gateway x2  
  53  5:33  Probe  
  54  5:35  Charge (Chrono Boost)  
  54  5:38  Gateway  
  54  5:50  Gateway  
  54  5:54  Gateway  
  54  5:57  High Templar x2  
  57  6:06  Probe x2  
  57  6:07  Probe  
  57  6:09  High Templar  
  62  6:12  Warp Prism  
  62  6:18  Probe  
  65  6:20  Probe  
  66  6:28  Zealot x2  
  66  6:30  Zealot x2  
  66  6:31  Probe  
  66  6:32  Probe  
  76  6:35  High Templar  
  76  6:38  Probe  
  79  6:42  Zealot  
  79  6:46  High Templar, Pylon  
  83  6:47  Pylon  
  83  6:52  Immortal (Chrono Boost)  
  87  6:59  Pylon  
  87  7:01  Zealot  
  87  7:02  High Templar  
  87  7:06  Probe x2  
  87  7:07  Zealot  
  95  7:10  Zealot  
  95  7:11  Zealot  
  99  7:17  Stalker  
  99  7:18  Stalker  
  99  7:24  Probe  
  99  7:26  Shield Battery  
  88  7:40  Stalker x3  
  88  7:43  Probe  
  95  7:46  Observer (Chrono Boost)  
  95  7:49  Probe x2  
  96  7:53  Zealot  
  96  7:54  Zealot  
  98  8:12  Zealot x2  
  98  8:13  Zealot x2  
  98  8:15  Probe x2  
  98  8:18  Probe  
  107  8:23  Pylon  
  108  8:27  Probe  
  108  8:30  Probe (Chrono Boost)  
  108  8:32  Probe (Chrono Boost)  
  110  8:34  Pylon  
  110  8:38  High Templar  
  114  8:42  Probe (Chrono Boost)  
  114  8:45  Probe (Chrono Boost)  
  112  8:52  High Templar x2  
  112  8:54  Zealot x3  
  122  8:57  Zealot, Archon  
  101  9:13  Zealot x3  
  79  9:26  Zealot x4  
  79  9:27  Zealot  
  83  9:35  Observer (Chrono Boost)  
  83  9:36  Probe x3  
  81  9:50  Probe x3  
  81  9:52  Robotics Bay  
  82  9:53  Stalker x3  
  82  9:54  Assimilator, Stalker  
  82  9:58  Forge  
  90  10:02  Probe  
  90  10:03  Assimilator  
  90  10:04  High Templar x2  
  90  10:06  Warp Prism (Chrono Boost)  
  97  10:22  Pylon  
  97  10:28  Probe x2  
  98  10:31  Protoss Ground Weapons Level 1 (Chrono Boost), Nexus  
  98  10:35  Colossus (Chrono Boost)  
  99  10:41  Extended Thermal Lance  
  105  10:43  Probe  
  106  10:54  Probe  
  107  10:57  Zealot x3  
  107  11:00  Probe  
  108  11:19  Disruptor (Chrono Boost)  
  108  11:21  Probe  
  108  11:22  Probe  
  108  11:23  Forge, Photon Cannon  
  108  11:25  Photon Cannon, Pylon  
  109  11:27  Pylon  
  109  11:31  High Templar  
  109  11:32  Probe  
  108  11:33  Probe  
  108  11:34  Probe  
  108  11:39  Dark Shrine  
  110  11:43  Shield Battery  
  110  11:44  Colossus (Chrono Boost)  
  110  11:47  Robotics Facility  
  110  11:52  Stalker  
  110  11:53  Stalker x2  
  122  11:55  Protoss Ground Armor Level 1 (Chrono Boost)  
  121  12:02  Stalker x2  
  121  12:04  Stalker  
  115  12:26  Zealot x7  
  119  12:31  Observer  
  119  12:39  Stalker  
  118  12:44  Observer (Chrono Boost)  
  118  12:50  Assimilator  
  118  12:52  Assimilator  
  118  12:53  Colossus (Chrono Boost)  
  118  12:55  Stalker x4  
  118  12:57  Photon Cannon  
  126  12:59  Dark Templar x3  
  132  13:09  Stalker  
  132  13:11  Probe  
  135  13:16  Disruptor (Chrono Boost)  
  135  13:17  Gateway  
  135  13:19  Stalker x2  
  142  13:27  Dark Templar  
  144  13:36  Pylon  
  144  13:46  Disruptor (Chrono Boost), Nexus  
  144  13:47  Probe x2  
  144  13:48  Probe x2  
  152  13:50  Disruptor (Chrono Boost)  
  152  13:54  Dark Templar x2  
  154  14:02  Zealot  
  154  14:03  Zealot x3  
  160  14:16  Stalker x3  
  166  14:19  Disruptor (Chrono Boost)  
  166  14:20  Probe  
  166  14:21  Disruptor (Chrono Boost), Probe  
  174  14:24  Pylon  
  172  14:36  Stalker x4  
  180  14:41  High Templar  
  180  14:44  Dark Templar  
  176  14:59  Stalker x6  
  178  15:20  Zealot x3  
  178  15:27  Zealot x2  
  178  15:28  Zealot x4  
Show
View Real Time Build Order
Export as new Build Order

Jinioh Terran 

Build Orders:  

Get SALT Encoding   

  12  0:00  SCV  
  13  0:12  SCV  
  14  0:17  Supply Depot  
  14  0:24  SCV  
  15  0:38  SCV  
  15  0:40  Barracks  
  16  0:43  Refinery  
  16  0:50  SCV  
  16  0:53  Refinery  
  17  1:03  SCV  
  18  1:15  SCV  
  19  1:26  Reaper  
  19  1:27  Orbital Command  
  19  1:28  Supply Depot  
  20  1:40  Factory  
  20  1:52  SCV  
  21  1:58  Barracks Reactor  
  21  2:04  SCV  
  22  2:16  Command Center  
  22  2:19  SCV  
  23  2:24  Widow Mine  
  25  2:31  Supply Depot  
  25  2:37  Starport  
  25  2:40  SCV  
  25  2:42  Marine  
  27  2:47  Widow Mine  
  29  2:52  SCV, Marine  
  31  2:59  Marine  
  31  3:04  SCV  
  33  3:10  Marine  
  33  3:15  Medivac  
  33  3:16  SCV  
  33  3:17  Marine  
  39  3:20  Widow Mine  
  39  3:29  Orbital Command  
  39  3:31  Marine  
  40  3:35  Marine  
  40  3:36  SCV  
  42  3:41  Factory Tech Lab  
  42  3:45  Starport Tech Lab  
  42  3:49  Barracks  
  42  3:51  Marine  
  42  3:54  SCV  
  44  3:57  SCV  
  44  4:00  Marine  
  46  4:03  Raven  
  47  4:11  SCV  
  47  4:15  Barracks  
  46  4:17  Marine  
  46  4:18  Orbital Command, Marine  
  46  4:24  Siege Tank  
  49  4:30  Supply Depot  
  49  4:32  SCV  
  49  4:34  Refinery  
  48  4:38  Marine x2  
  48  4:44  SCV  
  49  4:48  SCV  
  49  4:52  Stimpack, Starport Reactor, Marine  
  51  4:56  Supply Depot  
  51  4:57  SCV, Marine  
  51  4:58  Marine  
  54  5:02  SCV  
  55  5:08  Factory Reactor  
  55  5:09  SCV  
  55  5:11  Supply Depot  
  55  5:14  Engineering Bay  
  56  5:15  SCV  
  56  5:17  Combat Shield  
  57  5:24  Marauder  
  57  5:25  Marauder  
  57  5:27  Marine x2  
  63  5:30  Medivac  
  63  5:33  SCV x2  
  67  5:40  Supply Depot  
  67  5:41  Refinery  
  67  5:44  Marine  
  67  5:45  SCV, Medivac  
  71  5:52  SCV  
  71  5:53  Supply Depot  
  74  5:57  Widow Mine  
  74  5:58  Widow Mine  
  74  5:59  SCV  
  74  6:01  Medivac  
  79  6:06  SCV  
  79  6:07  Supply Depot, Marauder  
  82  6:11  Marine x2  
  82  6:12  SCV  
  82  6:15  Medivac  
  82  6:18  SCV  
  88  6:24  SCV, Marauder  
  91  6:28  Marine  
  91  6:29  Marine x2  
  91  6:30  Widow Mine  
  98  6:33  Widow Mine  
  98  6:40  Armory  
  98  6:43  Terran Infantry Armor Level 1  
  98  6:45  Concussive Shells, Marine  
  99  6:55  Command Center  
  99  6:58  Marauder  
  99  6:59  Marine  
  102  7:05  Supply Depot  
  102  7:07  Supply Depot  
  102  7:13  Marine x2  
  104  7:17  SCV, Marine  
  104  7:19  Marauder  
  104  7:34  Marine x2  
  104  7:35  SCV, Marauder  
  101  7:39  SCV, Medivac x2  
  101  7:41  Marauder  
  108  7:52  Marine  
  98  8:01  Marine  
  98  8:02  Marauder, Marine  
  98  8:05  SCV  
  102  8:10  Marine  
  103  8:13  Missile Turret  
  103  8:15  SCV  
  103  8:19  Marine  
  104  8:20  Marauder  
  104  8:23  Marauder  
  104  8:25  Orbital Command  
  101  8:28  Marine  
  101  8:30  SCV  
  103  8:39  Barracks  
  103  8:41  SCV  
  104  8:42  Barracks, Marauder  
  104  8:44  Missile Turret  
  104  8:45  Marauder  
  105  8:48  Marine  
  106  8:56  Medivac x2, Widow Mine x2  
  106  8:58  SCV x2  
  116  9:03  Marauder  
  116  9:06  Marauder  
  112  9:11  Orbital Command  
  91  9:19  Marine  
  72  9:24  Marauder  
  72  9:26  SCV, Marine x2  
  72  9:27  Marauder  
  72  9:28  Marine  
  65  9:37  Marine  
  60  9:41  Orbital Command  
  60  9:43  Marine  
  59  9:46  Marauder  
  59  9:49  Marauder  
  59  9:50  Marine  
  59  9:51  SCV  
  65  9:54  Marine  
  65  9:57  Widow Mine  
  65  9:58  SCV  
  69  10:03  SCV  
  69  10:06  SCV  
  71  10:07  Marauder  
  71  10:08  Marine  
  71  10:10  SCV, Marauder  
  71  10:12  Medivac x2  
  71  10:13  Marine  
  82  10:15  SCV  
  82  10:17  Marine  
  82  10:19  Marine  
  82  10:21  Missile Turret  
  85  10:24  Ghost Academy  
  85  10:26  Terran Infantry Weapons Level 1  
  85  10:27  Marine  
  86  10:29  Marauder  
  86  10:31  Marine  
  86  10:32  SCV, Marauder  
  86  10:33  SCV x2  
  94  10:36  Barracks Tech Lab  
  94  10:38  Barracks Reactor  
  94  10:45  SCV x2, Marine  
  94  10:46  SCV  
  94  10:49  Marine  
  99  10:50  Marauder  
  99  10:53  Marauder  
  99  10:54  Widow Mine  
  106  10:57  SCV  
  106  10:59  SCV, Widow Mine  
  106  11:01  Refinery  
  106  11:02  Command Center, SCV, Refinery  
  106  11:03  Marine  
  106  11:04  Marauder  
  113  11:06  Marine  
  113  11:10  SCV  
  112  11:11  Marauder  
  112  11:14  Marine x2  
  112  11:18  SCV  
  117  11:19  Marine  
  117  11:21  Marine  
  117  11:25  Marauder  
  117  11:27  SCV  
  117  11:29  SCV  
  117  11:30  Marine  
  117  11:32  Marauder  
  124  11:33  SCV, Marauder  
  124  11:36  Supply Depot  
  124  11:37  Supply Depot  
  125  11:42  SCV  
  125  11:45  SCV  
  125  11:46  Marauder  
  129  11:48  SCV  
  129  11:49  Marine x2  
  129  11:54  Engineering Bay, Marauder  
  134  11:55  Supply Depot  
  134  11:56  Marine  
  134  11:58  SCV  
  134  11:59  Barracks  
  136  12:02  Marauder, Marine  
  136  12:04  SCV  
  132  12:16  SCV  
  132  12:17  Marine  
  132  12:18  SCV, Marauder  
  132  12:20  Marine  
  133  12:23  SCV  
  133  12:26  Marauder  
  133  12:29  Starport  
  119  12:39  Marine  
  119  12:40  Marauder  
  119  12:43  Viking x2  
  119  12:44  SCV  
  119  12:49  SCV  
  119  12:51  SCV  
  119  12:52  Marauder, Marine  
  119  12:55  Planetary Fortress  
  119  12:56  SCV, Marine x2  
  119  12:57  Marauder, Marine  
  128  13:00  Barracks  
  128  13:01  Marine  
  129  13:06  Barracks, Viking x2  
  129  13:12  Barracks Reactor, SCV, Enhanced Shockwaves  
  134  13:14  Marauder  
  134  13:21  Ghost  
  134  13:22  Marine x5  
  134  13:25  SCV  
  138  13:34  Marine  
  138  13:38  SCV  
  138  13:40  Marine x5  
  142  13:41  Missile Turret  
  142  13:47  Marine  
  141  13:50  Marauder  
  141  13:52  Marine  
  141  13:54  Barracks Tech Lab x2  
  141  13:55  SCV  
  142  13:57  Marine  
  142  13:58  Marine x3  
  142  13:59  Marauder  
  142  14:00  Marine  
  144  14:04  SCV  
  144  14:05  Marine  
  144  14:09  SCV  
  144  14:11  Marauder  
  144  14:12  Marauder, Marine  
  144  14:15  Marine  
  149  14:18  Missile Turret, Marine  
  149  14:19  Marine  
  149  14:20  Marauder  
  148  14:29  Marauder  
  146  14:32  Missile Turret, Marauder  
  146  14:33  Marauder  
  146  14:34  Marauder  
  151  14:41  Marauder, Marine x2  
  151  14:44  Viking  
  157  14:50  Marauder  
  151  14:53  Marauder  
  151  14:54  SCV  
  151  14:55  Viking  
  151  14:58  Viking  
  151  14:59  Marine  
  151  15:01  Marine  
  151  15:05  Marauder  
  150  15:09  Marauder  
Tags
 
Add a new tag
Caveats
  • Supply blocks, unpowered buildings, or Contaminate may cause inaccurate times.
  • Supply counts are checked every 10 seconds.